 Dungeon Crawl Stone Soup version 0.28-a0-863-g8cecda6153 (webtiles) character file.

Game seed: 5125594332702425696

170 kae the Caller (level 5, -7/28 HPs)
             Began as a Tengu Summoner on Nov 16, 2021.
             Mangled by an ogre (30 damage)
             ... on level 3 of the Dungeon.
             The game lasted 00:03:22 (3192 turns).

kae the Caller (Tengu Summoner)                     Turns: 3192, Time: 00:03:22

Health: -7/28      AC:  2    Str:  8    XL:     5   Next: 50%
Magic:  10/10      EV: 15    Int: 16    God:
Gold:   419        SH:  0    Dex: 15    Spells: 4/10 levels left

rFire   . . .      SeeInvis .   b - +0 mace (freeze)
rCold   . . .      Faith    .   (no shield)
rNeg    . . .      Spirit   .   a - +0 robe
rPois   .          Reflect  .   (helmet restricted)
rElec   .          Harm     .   (no cloak)
rCorr   .          Rampage  .   (no gloves)
Will    .....                   (boots unavailable)
Stlth   ++........              (no amulet)
HPRegen 0.09/turn               (no ring)
MPRegen 0.12/turn               (no ring)

@: flying quickly and evasively, quick
A: beak, talons 3, nimble flight
a: no special abilities


You were on level 3 of the Dungeon.
You visited 1 branch of the dungeon, and saw 3 of its levels.

You collected 848 gold pieces.
You spent 429 gold pieces at shops.

Inventory:

Hand Weapons
 b - a +0 mace of freezing (weapon)
Armour
 a - a +0 robe (worn)
Scrolls
 c - a scroll of immolation
 k - a scroll of identify
 n - 2 scrolls of teleportation {unknown}
 p - a scroll of amnesia {unknown}
 q - a scroll of enchant armour {unknown}
Potions
 d - 4 potions of curing
 e - a potion of haste {unknown}
 f - a potion of brilliance
 g - 3 potions of heal wounds
 h - 2 potions of lignification
 i - a potion of might
 j - a potion of magic
 l - a potion of cancellation {unknown}
 m - a potion of ambrosia {unknown}
 o - a potion of attraction {unknown}


   Skills:
 + Level 3.4 Dodging
 + Level 3.3 Stealth
 + Level 3.0 Spellcasting
 + Level 5.8 Summonings


You had 4 spell levels left.
You knew the following spells:

 Your Spells              Type           Power      Damage    Failure   Level
a - Summon Small Mammal   Summ           84%        N/A       1%          1
b - Call Imp              Summ           21%        N/A       2%          2
c - Call Canine Familiar  Summ           21%        N/A       4%          3

Your spell library contained the following spells:

 Spells                   Type           Power      Damage    Failure   Level
 Summon Guardian Golem    Hex/Summ       11%        N/A       17%         3
 Ignite Poison            Fire/Tmut/Pois 2%         N/A       50%         3
 Mephitic Cloud           Conj/Pois/Air  2%         N/A       50%         3
 Summon Lightning Spire   Summ/Air       11%        N/A       50%         4
 Freezing Cloud           Conj/Ice/Air   1%         6-21      99%         5


Dungeon Overview and Level Annotations

Branches:
Dungeon (3/15)

Altars:

Shops:
D:2 !


Innate Abilities, Weirdness & Mutations

You have a beak for a mouth.
You have claws for feet.
Your magical nature lets you fly swiftly and evasively.


Message History

You swap places.
g - 3 potions of heal wounds (gained 1)
You swap places.
There is a stone staircase leading down here.
Key pressed, stopping explore.
Your white imp disappears in a puff of smoke!
Key pressed, stopping explore.
No target in view!
No target in view!
No target in view!
No target in view!
You reach down and open the door. 8 goblins and an ogre come into view.
A goblin is wielding a +2 dagger of venom.
The goblin shouts!
The ogre shouts!
The goblin shouts! x3
Found 9 large rocks.
There are monsters nearby!
The goblin shouts!
You hit the goblin. You freeze the goblin.
You kill the goblin!
The goblin barely misses you.
You hit the goblin. You freeze the goblin. Your kick misses the goblin.
Your peck misses the goblin.
The goblin is heavily wounded.
The goblin closely misses you.
You closely miss the goblin. Your kick misses the goblin.
The goblin is heavily wounded.
The goblin barely misses you. The goblin hits you with a +0 dagger.
You closely miss the goblin. Your peck misses the goblin.
The goblin is heavily wounded.
The goblin barely misses you. The goblin hits you with a +0 dagger.
You hit the goblin. You freeze the goblin.
You kill the goblin!
The goblin misses you. The goblin barely misses you.
You hit the goblin. You freeze the goblin.
You kill the goblin!
The goblin hits you but does no damage.
The ogre hits you with a +0 giant spiked club!!
Ouch! That really hurt!
You die...

..#####†#.#....####.......##
..##......#....####........##
......(........#..........#.##
.###.<........#####......###.# .#
#..#.###...#(..#.#...#.#.## .#
#..#.# #...#(g.#<##.###.##
.###..#.###..##ggg####...#.##
........#.#...##O##....#....#####
#..#.........###@g..##.#.........
#..#.####.#..##........#....#####
#..#.# #.#............#.........
#..#.# #.#.###........#..#......
#..#.# #.#.#.###...##.#..#.....>
#5.#.####.#............#..#......
#.............####...###..#......
#.#######.#..### ###.# #..#......
#..............# #.# #..#......


You could see an ogre and 5 goblins.

Vanquished Creatures
  A hound (D:2)
  Natasha (twice) (D:2)
  An adder (D:3)
  A worm (D:2)
  2 dart slugs
  4 endoplasms
  8 goblins
  2 hobgoblins (D:1)
  A jackal (D:3)
  A ball python (D:2)
  A bat (D:2)
  5 frilled lizards
  A kobold (D:3)
  7 rats
37 creatures vanquished.

Vanquished Creatures (collateral kills)
  Natasha (D:2)
  An adder skeleton (D:3)
  A dart slug (D:1)
  2 ball pythons (D:1)
  A jackal (D:3)
  2 kobolds (D:1)
  A quokka (D:1)
  2 bats
  2 frilled lizards
  2 goblins
  A rat (D:1)
16 creatures vanquished.

Grand Total: 53 creatures vanquished

Notes
Turn   | Place    | Note
-------+----------+-------------------------------------------
     0 | D:1      | kae the Tengu Summoner began the quest for the Orb.
     0 | D:1      | Reached XP level 1. HP: 10/10 MP: 4/4
   145 | D:1      | Reached XP level 2. HP: 15/15 MP: 4/6
   270 | D:1      | Reached skill level 5 in Summonings
   639 | D:1      | Found a faded altar of an unknown god.
   897 | D:1      | Reached XP level 3. HP: 19/19 MP: 5/7
   974 | D:1      | Learned a level 2 spell: Call Imp
   978 | D:1      | Learned a level 3 spell: Call Canine Familiar
  1055 | D:2      | Found Bad Zunk's Distillery.
  1056 | D:2      | Identified a scroll of acquirement
  1056 | D:2      | Acquired 766 gold pieces
  1063 | D:2      | Bought 2 potions of curing for 66 gold pieces
  1063 | D:2      | Bought 2 potions of heal wounds for 110 gold pieces
  1063 | D:2      | Bought a potion of lignification for 33 gold pieces
  1063 | D:2      | Bought a potion of lignification for 33 gold pieces
  1063 | D:2      | Bought a potion of heal wounds for 55 gold pieces
  1063 | D:2      | Bought a potion of might for 44 gold pieces
  1063 | D:2      | Bought a potion of magic for 88 gold pieces
  1190 | D:2      | Reached XP level 4. HP: 21/24 MP: 5/8
  1335 | D:2      | Noticed Natasha
  1342 | D:2      | Killed Natasha
  1534 | D:2      | Noticed Natasha
  1544 | D:2      | HP: 1/24 [Natasha/magic dart (8)]
  1545 | D:2      | Killed Natasha
  2087 | D:2      | Noticed Natasha
  2101 | D:2      | Killed Natasha
  2102 | D:2      | Gained mutation: Your magical nature lets you fly swiftly
                  | and evasively. [Tengu growth]
  2102 | D:2      | Reached XP level 5. HP: 17/28 MP: 7/10
  3186 | D:3      | Noticed an ogre
  3192 | D:3      | Mangled by an ogre

Illustrated notes

Levels and vault maps discovered:
D:1:      mrwooster_arrival_statue_3, layout_basic,
          ebering_ecumenical_altar_petrified
D:2:      layout_loops_cross, serial_shops, shop, serial_rivers,
          chequers_serial_rivers_micro_a, chequers_serial_rivers_micro_e,
          chequers_serial_rivers_room_b, chequers_serial_rivers_small_a,
          uniq_natasha
D:3:      layout_loops_ring, minmay_ogre_servants

Skill      XL: |  1  2  3  4  5 |
---------------+----------------+-----
Summonings     | 5 |  5.8
Dodging        | 3 |  3.4
Stealth        | 3 |  3.3
Spellcasting   | 3 |  3.0

Action                   |  1- 3 |  4- 6 || total
-------------------------+-------+-------++-------
Melee: Mace              |    40 |    66 ||   106
       Kick              |     5 |    17 ||    22
       Peck              |     4 |     8 ||    12
 Cast: Summon Small Mamm |    13 |       ||    13
       Call Imp          |     3 |     8 ||    11
       Call Canine Famil |       |     1 ||     1
  Use: Scroll            |     3 |     2 ||     5
       Potion            |       |     1 ||     1
 Stab: Sleeping          |       |     5 ||     5
Armor: Robe              |    16 |     7 ||    23
Dodge: Dodged            |    40 |    58 ||    98

Table legend: (Time is in decaauts)
 A = Elapsed time spent in this place.
 B = Non-inter-level travel time spent in this place.
 C = Inter-level travel time spent in this place.
 D = Time resting spent in this place.
 E = Time spent auto-exploring this place.
 F = Levels seen in this place.
 G = Mean time per level.
                   A        B        C        D        E       F      G
               +--------+--------+--------+--------+--------+-----+--------+
         Total |   3190 |   3174 |     16 |    312 |   2427 |   3 | 1063.3 |
       Dungeon |   3190 |   3174 |     16 |    312 |   2427 |   3 | 1063.3 |
               +--------+--------+--------+--------+--------+-----+--------+

Top non-repeatable levels by time:
     D:2: 1376 daAuts
     D:1: 1066 daAuts
     D:3: 747 daAuts
